 Dungeon Crawl Stone Soup version 0.29.1-1-gd02db69 (webtiles) character file.

Game seed: 16297658025360743152

101409 Draken1998 the Spry (level 15, -6/75 HPs)
             Began as a Spriggan Brigand on Oct 30, 2022.
             Was the Champion of Dithmenos.
             Mangled by a slime creature (12 damage)
             ... while paralysed by a floating eye
             ... on level 3 of the Pits of Slime.
             The game lasted 01:27:39 (24128 turns).

Draken1998 the Spry (Spriggan Brigand)             Turns: 24128, Time: 01:27:39

Health: -6/75      AC:  9    Str:  9    XL:     15   Next: 83%
Magic:  25/25      EV:  4    Int: 12    God:    Dithmenos [******]
Gold:   764        SH:  0    Dex: 46    Spells: 14/14 levels left

rFire   x . .      SeeInvis +   R - +9 rapier of Equilibrium {vamp, rElec rF- rCorr Dex+9}
rCold   + . .      Faith    .   Y - +0 buckler of Tomorrow {rC+ Str+2}
rNeg    . . .      Spirit   .   y - +2 robe {Will+}
rPois   .          Reflect  .   U - +2 hat {Will+}
rElec   +          Harm     .   s - +2 cloak
rCorr   +          Rampage  .   (gloves unavailable)
Will    ++++.                   (boots unavailable) Stlth ********++
                                B - amulet of regeneration
HPRegen 1.02/turn               u - +6 ring of dexterity
MPRegen 0.19/turn               p - +6 ring of dexterity

@: paralysed, wreathed by umbra, very quick
A: very small, no large weapons, unfitting armour, see invisible, speed 3
a: Renounce Religion, Shadow Step, Shadow Form


You were on level 3 of the Pits of Slime.
You worshipped Dithmenos.
Dithmenos was exalted by your worship.
You visited 4 branches of the dungeon, and saw 24 of its levels.
You also visited: Bailey and Volcano.

You collected 1688 gold pieces.
You spent 924 gold pieces at shops.

Inventory:

Hand Weapons
 R - the +9 rapier of Equilibrium (weapon) {vamp, rElec rF- rCorr Dex+9}
   (You found it on level 5 of the Lair of Beasts)

   It occasionally heals its wielder for a portion of the damage dealt when it
   wounds a living foe.
   Dex:       It affects your dexterity (+9).
   rF:        It makes you vulnerable to fire.
   rElec:     It insulates you from electricity.
   rCorr:     It protects you from acid and corrosion.
Missiles
 d - 21 poisoned darts (quivered)
Armour
 s - a +2 cloak (worn)
 y - a +2 robe of willpower (worn)
 H - +0 acid dragon scales
 J - a +2 robe of cold resistance
 U - a +2 hat of willpower (worn)
 Y - the +0 buckler of Tomorrow (worn) {rC+ Str+2}
   (You acquired it on level 9 of the Dungeon)

   Str:       It affects your strength (+2).
   rC:        It protects you from cold.
Jewellery
 k - a ring of positive energy
 p - a +6 ring of dexterity (right hand)
 r - a ring of poison resistance
 t - a ring of willpower
 u - a +6 ring of dexterity (left hand)
 z - a ring of protection from fire
 B - an amulet of regeneration (around neck)
 C - a ring of flight
 D - an amulet of reflection
 E - a ring of willpower
 N - a ring of protection from cold
Wands
 i - a wand of digging (13)
 m - a wand of roots (30)
 v - a wand of paralysis (23)
 w - a wand of flame (23)
 G - a wand of mindburst (7)
Scrolls
 a - 2 scrolls of magic mapping
 f - 2 scrolls of fear
 j - a scroll of brand weapon
 l - 9 scrolls of teleportation
 n - 4 scrolls of blinking
 o - 2 scrolls of fog
 I - 2 scrolls of enchant weapon
 K - 3 scrolls of immolation
 L - 2 scrolls of amnesia
 M - 6 scrolls of enchant armour
 Q - 5 scrolls of identify
 W - 6 scrolls of poison
Potions
 b - 3 potions of brilliance
 e - 11 potions of heal wounds
 g - 4 potions of flight
 h - 14 potions of curing
 q - 5 potions of magic
 x - 3 potions of cancellation
 F - a potion of mutation
 O - a potion of haste
 P - a potion of resistance
 T - a potion of invisibility


   Skills:
 * Level 7.2 Fighting
 + Level 14.4 Short Blades
 - Level 2.0 Throwing
 - Level 20.1 Dodging
 - Level 19.4 Stealth
 * Level 4.2 Shields
 + Level 12.8 Invocations


You had 14 spell levels left.
You didn't know any spells.
Your spell library contained the following spells:

 Spells                   Type           Power      Damage    Failure   Level
 Beastly Appendage        Tmut           0%         N/A       54%         1
 Magic Dart               Conj           0%         1d3       54%         1
 Shock                    Conj/Air       0%         1d3       54%         1
 Slow                     Hex            0%         N/A       54%         1
 Blink                    Tloc           0%         N/A       67%         2
 Call Imp                 Summ           0%         N/A       67%         2
 Poisonous Vapours        Pois/Air       0%         N/A       67%         2
 Wereblood                Tmut           0%         N/A       67%         2
 Confusing Touch          Hex            0%         N/A       88%         3
 Dazzling Flash           Conj/Hex       0%         N/A       88%         3
 Inner Flame              Hex/Fire       0%         N/A       88%         3
 Lesser Beckoning         Tloc           0%         N/A       88%         3
 Mephitic Cloud           Conj/Pois/Air  0%         N/A       88%         3
 Ozocubu's Armour         Ice            0%         N/A       88%         3
 Spider Form              Tmut/Pois      0%         N/A       88%         3
 Swiftness                Air            0%         N/A       88%         3
 Vampiric Draining        Necr           0%         2d6       88%         3
 Airstrike                Air            0%         2d(0-16)  99%         4
 Anguish                  Hex/Necr       0%         N/A       99%         4
 Cause Fear               Hex            0%         N/A       99%         4
 Corpse Rot               Necr/Pois/Air  0%         N/A       99%         4
 Agony                    Necr           0%         N/A       100%        5
 Fireball                 Conj/Fire      0%         3d3       100%        5
 Iskenderun's Battlesphe  Conj           0%         2d6       100%        5
 Manifold Assault         Tloc           0%         N/A       100%        5
 Silence                  Hex/Air        0%         N/A       100%        5
 Conjure Ball Lightning   Conj/Air       0%         3x3d6     100%        6
 Iron Shot                Conj/Erth      0%         9d1       100%        6
 Dragon Form              Tmut           0%         N/A       100%        7
 Enfeeble                 Hex            0%         N/A       100%        7
 Orb of Destruction       Conj           0%         9d5       100%        7
 Ozocubu's Refrigeration  Ice            0%         4d7       100%        7
 Spellforged Servitor     Conj/Summ      0%         N/A       100%        7
 Discord                  Hex            0%         N/A       100%        8
 Dragon's Call            Summ           0%         N/A       100%        9


Dungeon Overview and Level Annotations

Branches:
Dungeon (15/15)            Temple (1/1) D:4            Lair (5/5) D:10
 Shoals (0/4) Lair:3        Snake (0/4) Lair:2        Slime (3/5) Lair:4
    Orc (0/2) D:11         Vaults (0/5) D:14         Depths (0/4) D:15
 Bailey (visited)         Volcano (visited)

Altars:
Ashenzari
Dithmenos
Elyvilon
Fedhas
Hepliaklqana
Makhleb
Nemelex Xobeh
Okawaru
Qazlal
Sif Muna
Trog
Uskayaw
Wu Jian
Xom
Zin
The Shining One

Shops:
D:4 *   D:5 *   D:9 ?

Portals:
Trove: D:12 (give +4 shadow dragon scales)

Annotations:
D:14 exclusion: obsidian statue
Lair:2 2 transporters, crazyjoe98's ghost, journeyman MiFi
Slime:3 Dissolution


Innate Abilities, Weirdness & Mutations

You are very small and have problems with some larger weapons.
You are too small for most types of armour.
You have supernaturally acute eyesight. (SInv)
You cover ground extremely quickly. (Speed+++)


Message History

You hit Dissolution.
You feel better.
Your hands burn!
Dissolution is moderately wounded.
The golden eye blinks at you. You resist with almost no effort.
You hit Dissolution but do no damage.
Your hands burn!
Dissolution is moderately wounded.
Your shadow hits Dissolution but does no damage.
Your shadow is burned by acid!
You hit Dissolution but do no damage.
Your hands burn!
Dissolution is moderately wounded.
A very large slime creature splits.
You hit Dissolution.
Your hands burn!
Dissolution is moderately wounded.
The golden eye blinks at you. You resist with almost no effort.
A large slime creature splits.
The slime creature barely misses you. You block Dissolution's attack.
Dissolution closely misses you.
You puncture Dissolution!
Your hands burn!
Dissolution is moderately wounded.
The floating eye gazes piercingly through you!
You suddenly lose the ability to move!
The slime creature hits you!
Dissolution gurgles deeply, a call to fellow slimes.
The golden eye blinks!
The slime creature hits you. Dissolution hits you!!!
Ouch! That really hurt!
* * * LOW HITPOINT WARNING * * *
You emit a cloud of dark smoke.
You are splashed with acid.
You resist.
* * * LOW HITPOINT WARNING * * *
Dissolution completely misses you. The slime creature hits you.
* * * LOW HITPOINT WARNING * * *
The floating eye's stare focuses on you.
The golden eye blinks!
Two slime creatures merge to form a large slime creature.
Dissolution hits you.
* * * LOW HITPOINT WARNING * * *
You are splashed with acid.
You resist.
* * * LOW HITPOINT WARNING * * *
Dissolution hits you but does no damage.
The slime creature hits you!
You die...

#...........##.## .#
............#... ...
#............#.# ## ...#
.........#..##.##.##....
......>................<
.................<......
..............§§§.....##
<..........#.#§§GJ§§...#
............#.§§@J§.....
..............§JJG§.....
.........#....##G§§#####
........#####.#..§§..
.#....... #.#.......
......... #.........
.#...... #.........
.####.....


You could see Dissolution, a large slime creature, 2 slime creatures and 3
floating eyes.

Vanquished Creatures
  An acid blob (Slime:1)
  Gastronok (D:11)
  An orc warlord (Bailey)
  A quicksilver ooze (Slime:2)
  Nessos (Lair:3)
  A minotaur (D:12)
  A dire elephant (D:15)
  A rakshasa (D:15)
  A great orb of eyes (D:15)
  5 hydras
  A boulder beetle (D:14)
  Fannar (D:10)
  An ogre mage (D:14)
  2 centaur warriors (D:15)
  Erica (D:8)
  2 two-headed ogres
  A tengu warrior (D:14)
  The ghost of kaikaun the Carver, a novice GnCA of Ignis (D:12)
  14 death yaks
  A hell hog (Volcano)
  23 slime creatures
  A fire crab (Volcano)
  A deep elf archer (D:14)
  6 deep elf pyromancers
  A lindwurm (Lair:5)
  27 ugly things
  A deep elf zephyrmancer (D:14)
  A wolf spider (D:15)
  2 manticores
  A shining eye (Slime:1)
  5 cyclopes
  6 elephants (Lair:5)
  Maurice (D:8)
  3 black mambas
  30 cane toads
  Psyche (D:11)
  Maggie (D:8)
  An unseen horror (D:11)
  An efreet (D:11)
  8 yaktaurs
  7 komodo dragons
  3 trolls
  Grinder (D:6)
  2 polar bears
  3 tyrant leeches (Lair:5)
  15 blink frogs
  3 vampires
  2 wraiths
  4 wyverns
  45 yaks
  5 fire bats (Volcano)
  5 vampire mosquitoes (Lair:5)
  4 basilisks
  A redback (D:12)
  3 steam dragons
  2 wargs (D:10)
  2 acid dragons
  2 nagas (Lair:2)
  Duvessa (D:4)
  3 hell hounds (Volcano)
  15 water moccasins
  An ice beast (D:7)
  10 orc warriors
  2 black bears
  8 ogres
  26 wolves
  A boggart (D:14)
  19 centaurs
  3 kobold brigands (D:14)
  A phantom (D:5)
  17 bullfrogs
  5 gnoll sergeants
  5 scorpions
  15 wights
  Dowan (D:4)
  3 electric eels
  5 howler monkeys
  6 jellies
  A gnoll bouda (D:9)
  4 orc priests
  11 hounds
  Jessica (D:2)
  3 iguanas
  Natasha (thrice) (D:2)
  13 orc wizards
  Robin (D:2)
  15 gnolls
  4 adders
  2 white imps
  3 ufetubi
  2 worms
  5 dart slugs
  56 orcs
  8 bats
  2 endoplasms
  4 giant cockroaches
  19 goblins
  23 hobgoblins
  2 jackals (D:1)
  24 kobolds
  5 quokkas
  3 ball pythons
  3 frilled lizards
  6 rats
639 creatures vanquished.

Vanquished Creatures (collateral kills)
  A black mamba (Lair:2)
  A black bear (Lair:2)
  A kobold brigand (D:9)
  An orc priest (D:9)
  A hound (D:9)
  2 gnolls (D:9)
  2 kobolds (D:9)
9 creatures vanquished.

Vanquished Creatures (others)
  An orc (D:8)
  19 fungi
  83 plants
103 creatures vanquished.

Grand Total: 751 creatures vanquished

Notes
Turn   | Place    | Note
-------+----------+-------------------------------------------
     0 | D:1      | Draken1998 the Spriggan Brigand began the quest for the
                  | Orb.
     0 | D:1      | Reached XP level 1. HP: 10/10 MP: 2/2
    51 | D:1      | You fall into a shaft and drop 1 floor!
   322 | D:1      | Reached skill level 2 in Dodging
   322 | D:1      | Reached XP level 2. HP: 14/14 MP: 3/3
   833 | D:1      | Reached XP level 3. HP: 16/18 MP: 4/4
   892 | D:2      | Noticed Robin
   978 | D:2      | Noticed Jessica
   991 | D:2      | Killed Jessica
   992 | D:2      | Reached skill level 3 in Dodging
  1051 | D:2      | Reached XP level 4. HP: 10/22 MP: 5/5
  1160 | D:2      | Killed Robin
  1448 | D:2      | Noticed Natasha
  1485 | D:2      | Killed Natasha
  1640 | D:2      | Noticed Natasha
  1678 | D:2      | Killed Natasha
  1679 | D:2      | Reached XP level 5. HP: 11/25 MP: 6/6
  1989 | D:2      | Noticed Natasha
  2003 | D:2      | Killed Natasha
  2004 | D:2      | Reached skill level 4 in Dodging
  2238 | D:2      | Found a faded altar of an unknown god.
  4203 | D:4      | Noticed an ogre
  4222 | D:4      | Killed an ogre
  4223 | D:4      | Reached skill level 10 in Stealth
  4223 | D:4      | Reached XP level 6. HP: 30/30 MP: 7/7
  4296 | D:4      | Found Ciamasis's CLEARANCE SALE!.
  4305 | D:4      | Bought a +6 ring of dexterity for 144 gold pieces
  4327 | D:4      | Reached skill level 5 in Dodging
  4407 | D:4      | Reached XP level 7. HP: 33/33 MP: 8/8
  4506 | D:4      | Noticed Duvessa
  4506 | D:4      | Noticed Dowan
  4532 | D:4      | Killed Duvessa
  4533 | D:4      | Reached skill level 6 in Dodging
  4550 | D:4      | Killed Dowan
  4816 | D:4      | Found a staircase to the Ecumenical Temple.
  4859 | Temple   | Entered the Ecumenical Temple
  4898 | Temple   | Became a worshipper of Dithmenos the Shadowed
  5182 | D:5      | Entered Level 5 of the Dungeon
  5194 | D:5      | Found Yblof's General Store.
  5223 | D:5      | Reached skill level 7 in Dodging
  5475 | D:5      | Reached XP level 8. HP: 37/37 MP: 9/9
  5595 | D:5      | Reached skill level 8 in Dodging
  6195 | D:6      | Reached skill level 9 in Dodging
  6255 | D:6      | Noticed Grinder
  6258 | D:6      | Killed Grinder
  6259 | D:6      | Reached skill level 5 in Short Blades
  6341 | D:6      | Found an ornate altar of the Wu Jian Council.
  6354 | D:6      | Reached skill level 10 in Dodging
  6518 | D:6      | Reached XP level 9. HP: 41/41 MP: 10/10
  6520 | D:6      | Found a shimmering blue altar of Sif Muna.
  7037 | D:7      | Identified the +5 quarterstaff of the Screaming Gods
                  | {protect, rF+++ Str-2 Int+3}
  7242 | D:7      | Reached * piety under Dithmenos
  7351 | D:7      | Reached skill level 11 in Dodging
  8020 | D:8      | Noticed Erica
  8027 | D:8      | Killed Erica
  8028 | D:8      | Reached skill level 12 in Dodging
  8047 | D:8      | Reached XP level 10. HP: 46/46 MP: 11/11
  8102 | D:8      | Noticed Maggie
  8108 | D:8      | Killed Maggie
  8144 | D:8      | Noticed Maurice
  8196 | D:8      | Killed Maurice
  8197 | D:8      | Reached skill level 13 in Dodging
  8208 | D:8      | Reached ** piety under Dithmenos
  8372 | D:8      | Found a glowing silver altar of Zin.
  8372 | D:8      | Noticed an angel
  8381 | D:8      | Noticed a two-headed ogre
  8423 | D:8      | Killed a two-headed ogre
  8424 | D:8      | Reached skill level 15 in Stealth
  8614 | D:8      | Found a glowing golden altar of the Shining One.
  8886 | D:9      | Found Tefeots's Magic Scroll Shop.
  8927 | D:9      | Reached skill level 14 in Dodging
  9029 | D:9      | Found a burning altar of Makhleb.
  9364 | D:9      | Reached *** piety under Dithmenos
  9725 | D:10     | Entered Level 10 of the Dungeon
  9764 | D:10     | Reached XP level 11. HP: 49/49 MP: 12/12
  9771 | D:10     | Noticed Fannar
  9789 | D:10     | Reached skill level 15 in Dodging
  9906 | D:10     | Found a hide-covered altar of Uskayaw.
  9907 | D:10     | Found a staircase to the Lair.
 10218 | D:10     | Killed Fannar
 10219 | D:10     | Reached skill level 1 in Invocations
 10256 | D:10     | Found a flagged portal.
 10265 | Bailey   | Entered a bailey
 10270 | Bailey   | Noticed an orc warlord
 10438 | Bailey   | Found a runed translucent gate.
 10441 | Bailey   | Found a runed translucent gate.
 10443 | Bailey   | Found a runed translucent gate.
 10572 | Bailey   | Killed an orc warlord
 10603 | Bailey   | Reached XP level 12. HP: 53/53 MP: 13/19
 10778 | D:10     | Found a shimmering altar of Xom.
 10779 | D:10     | Found a hazy altar of Hepliaklqana.
 10795 | D:10     | Reached **** piety under Dithmenos
 11071 | Lair:1   | Entered Level 1 of the Lair of Beasts
 11206 | Lair:1   | Reached skill level 16 in Dodging
 11871 | Lair:2   | Noticed a seven-headed hydra
 11875 | Lair:2   | Killed a seven-headed hydra
 11884 | Lair:2   | Found a transporter.
 11907 | Lair:2   | Found a transporter.
 11907 | Lair:2   | Noticed crazyjoe98's ghost (journeyman MiFi)
 12076 | Lair:2   | Reached skill level 10 in Short Blades
 12245 | Lair:2   | Found a staircase to the Snake Pit.
 12369 | Lair:2   | Reached skill level 17 in Dodging
 12383 | Lair:2   | Reached ***** piety under Dithmenos
 12543 | Lair:2   | Reached XP level 13. HP: 36/57 MP: 21/21
 12744 | Lair:2   | Identified the +5 ring mail of the Five Nightcaps {rElec
                  | rN+}
 13165 | Lair:3   | Noticed Nessos
 13169 | Lair:3   | Killed Nessos
 13254 | Lair:3   | Found a staircase to the Shoals.
 14108 | Lair:4   | Reached skill level 10 in Invocations
 14189 | Lair:4   | Found a dark tunnel.
 14204 | Volcano  | Entered a volcano
 14338 | Volcano  | Reached skill level 18 in Dodging
 14929 | Lair:4   | Found a staircase to the Slime Pits.
 15332 | Lair:5   | Entered Level 5 of the Lair of Beasts
 15763 | Lair:5   | Reached skill level 19 in Dodging
 16073 | Lair:4   | Reached XP level 14. HP: 52/61 MP: 23/23
 17065 | Lair:5   | Reached skill level 20 in Dodging
 17389 | Lair:5   | Identified the +6 scimitar of the Shifting Gods {flame,
                  | rPois Dex+2 Stlth-}
 17394 | Lair:5   | Identified the +0 plate armour of Hadjma {rPois rC+ rN+
                  | rCorr}
 17395 | Lair:5   | Identified the +9 rapier of Equilibrium {vamp, rElec rF-
                  | rCorr Dex+9}
 17701 | D:11     | Noticed Psyche
 17706 | D:11     | Killed Psyche
 17818 | D:11     | Identified the +8 sling of Dewkeqou {freeze, rF+ Str+3}
 18176 | D:11     | Found a staircase to the Orcish Mines.
 18222 | D:11     | Reached ****** piety under Dithmenos
 18388 | D:11     | Noticed Gastronok
 18393 | D:11     | Killed Gastronok
 18577 | D:12     | Found an iron altar of Okawaru.
 18947 | D:12     | Noticed kaikaun's ghost (novice GnCA)
 18967 | D:12     | Found a runed translucent gate.
 18967 | D:12     | Found a runed translucent gate.
 18967 | D:12     | Found a runed translucent gate.
 19008 | D:12     | Killed kaikaun's ghost
 19230 | D:12     | Found a portal to a secret trove of treasure.
 19700 | D:13     | Identified the ring of Carghotwo {Will+ Str+3 Int+2}
 20521 | D:13     | Reached XP level 15. HP: 70/70 MP: 25/25
 20948 | D:14     | Reached skill level 5 in Fighting
 21226 | D:9      | Bought a scroll of acquirement for 780 gold pieces
 21226 | D:9      | Acquired the +0 buckler of Tomorrow {rC+ Str+2}
 21984 | D:14     | Reached skill level 1 in Shields
 22043 | D:14     | Found a gate to the Vaults.
 22332 | D:14     | Found an ornate altar of the Wu Jian Council.
 22474 | D:15     | Entered Level 15 of the Dungeon
 22572 | D:15     | Found a staircase to the Depths.
 23105 | D:15     | Found a shadowy altar of Dithmenos.
 23608 | Slime:1  | Entered Level 1 of the Pits of Slime
 23858 | Slime:1  | Noticed an acid blob
 23870 | Slime:1  | Killed an acid blob
 24102 | Slime:3  | Noticed Dissolution
 24125 | Slime:3  | Paralysed by a floating eye for 4 turns
 24128 | Slime:3  | Mangled by a slime creature

Illustrated notes

Levels and vault maps discovered:
D:1:      moated_graveyard_arrival, layout_rooms
D:2:      layout_basic, basic_ecumenical_altar, minmay_tripent, uniq_jessica,
          uniq_robin, uniq_natasha
D:3:      layout_loops_corners, minmay_ruptured
D:4:      layout_basic, minmay_temple_entry_poolview, nicolae_shop_clearance,
          uniq_duvessa
D:5:      layout_cave_pods, serial_shops, shop
D:6:      layout_loops_ring, mainiacjoe_overflow_small_starburst,
          kennysheep_orc_sif_temple, uniq_grinder
D:7:      layout_loops_ring, minmay_crossroads
D:8:      layout_basic, zin_angel, lemuel_tele_altar, solitary_fountain,
          uniq_maggie, uniq_erica, uniq_maurice
D:9:      kennysheep_housing_project, layout_rooms,
          mainiacjoe_overflow_concentric_impassable, serial_shops, shop
D:10:     layout_loops_cross, regret_index_temple_of_mockery,
          lemuel_round_altar, erik_lair_orcish_takeover, enter_bailey_3,
          uniq_fannar
D:11:     layout_basic, david_orc_5, serial_corexii_hall,
          corexii_hall_statues_u, corexii_hall_statues_s,
          chequers_hall_statues_wall_a, corexii_hall_statues_l,
          corexii_hall_statues_x, corexii_hall_statues_s, uniq_gastronok,
          uniq_psyche
D:12:     layout_stronghold, maelrawn_ghost_gauntlet_escape,
          nicolae_trove_entry_diagonal, kennysheep_okawaru_gauntlet
D:13:     layout_loops_ring
D:14:     layout_stronghold, hangedman_vaults_entry_quadrant_bands,
          pdpol_wu_jian_five_deadly_venoms, hangedman_devilish_allure
D:15:     hangedman_depths_entry_try_elsewhere_first, layout_cave_pods,
          basic_altar
Temple:   jpeg_temple_clearing
Lair:1:   layout_regular_city, serial_rivers, chequers_serial_rivers_small_b,
          chequers_serial_rivers_small_a, chequers_serial_rivers_large_a,
          chequers_serial_rivers_small_3, chequers_serial_rivers_small_3,
          serial_bayou_pond_e
Lair:2:   layout_cave_pods, guppyfry_snake_entry_island, gammafunk_ghost_arena,
          hangedman_lair_unloving_vines, beast_lair_carwin_7
Lair:3:   layout_cellular_growth, shoals_dummy_entry,
          chequers_serial_rivers_micro_a, serial_bayou_shore_a, uniq_nessos
Lair:4:   layout_gridlike, dpeg_slime_entry_enclosed,
          nicolae_volcano_entry_two_sided
Lair:5:   minmay_lair_end_frog_pond, layout_regular_city
Slime:1:  layout_caves
Slime:2:  layout_caves
Slime:3:  cheibrodos_slime_lost_civilization_10, layout_caves, uniq_dissolution

Skill      XL: |  1  2  3  4  5  6  7  8  9 10 11 12 13 14 15 |
---------------+----------------------------------------------+-----
Stealth        | 6 7 8 10 11 13 14 15 16 17 18 19 | 19.4
Dodging        | 2 3 4 5 7 10 12 14 15 17 19 20 | 20.1
Short Blades   | 3 5 7 8 9 10 11 13 14 | 14.4
Invocations    | 8 9 10 12 | 12.8
Fighting       | 4 7 |  7.2
Shields        | 4 |  4.2
Throwing       | |  2.0

Action                   |  1- 3 |  4- 6 |  7- 9 | 10-12 | 13-15 || total
-------------------------+-------+-------+-------+-------+-------++-------
Melee: Dagger            |    69 |   166 |   267 |   589 |   992 ||  2083
       Punch             |       |     4 |     4 |    12 |    33 ||    53
       Rapier            |       |       |       |       |   715 ||   715
Throw: Dart              |    38 |    65 |    41 |    17 |    15 ||   176
       Throwing net      |       |       |       |     2 |     1 ||     3
Invok: Shadow Step       |       |       |       |     1 |     3 ||     4
Evoke: Wand              |       |       |       |    10 |     1 ||    11
  Use: Scroll            |       |    11 |     5 |    14 |     8 ||    38
       Potion            |       |       |     2 |     8 |     2 ||    12
 Stab: Sleeping          |     7 |    10 |    35 |    38 |    96 ||   186
       Invisible         |       |       |       |    12 |       ||    12
       Distracted        |       |       |       |     2 |     9 ||    11
       Held in net/web   |       |       |       |     2 |       ||     2
       Fleeing           |       |       |       |       |     1 ||     1
Armor: Robe              |    23 |    18 |    36 |    20 |    45 ||   142
Dodge: Dodged            |    59 |    96 |   271 |   530 |  1573 ||  2529
Block: Buckler           |       |       |       |       |   141 ||   141
